 Dungeon Crawl Stone Soup version 0.26.1-10-gdfb7c7de75 (webtiles) character file.

Game seed: 1927489889482997793

167676 Cykl0x the Fencer (level 17, -1/150 HPs)
             Began as a Minotaur Fighter on Apr 6, 2021.
             Was the Champion of the Shining One.
             Shot with a bolt by a yaktaur (20 damage)
             ... on level 1 of the Depths.
             The game lasted 00:55:05 (28273 turns).

Cykl0x the Fencer (Minotaur Fighter)               Turns: 28273, Time: 00:55:06

Health: -1/150     AC: 22    Str: 28    XL:     17   Next: 32%
Magic:  25/25      EV: 16    Int:  9    God:    the Shining One [******]
Gold:   2526       SH: 16    Dex: 10    Spells: 16/16 levels left

rFire    + + +     SeeInvis .   j - +2 scimitar (flame)
rCold    + . .     Faith    .   c - +1 kite shield
rNeg     + + +     Spirit   .   K - +4 chain mail of Refuge {rPois Will+}
rPois    +         Reflect  .   (helmet restricted)
rElec    +         Harm     .   r - scarf {rC+ rF+}
rCorr    .         Rampage  .   z - +0 pair of gloves of Ryngex Ruci {rPois}
Will     ++...                  U - +1 pair of boots of Shadows and Fog {*Drain rF+ rN+ Int+4}
Stlth    ..........             (no amulet)
HPRegen  0.35/turn              e - +4 ring of evasion
MPRegen  0.19/turn              x - +4 ring of slaying

@: glowing
A: retaliatory headbutt, horns 2, fire resistance 1, electricity resistance
a: Renounce Religion, Divine Shield, Cleansing Flame, Summon Divine Warrior,
Brand Weapon With Holy Wrath


You were on level 1 of the Depths.
You worshipped the Shining One.
The Shining One was exalted by your worship.
You visited 5 branches of the dungeon, and saw 25 of its levels.
You visited 1 bazaar.
You also visited: Sewer, Gauntlet and Ice Cave.

You collected 2930 gold pieces.
You spent 374 gold pieces at shops.
You donated 30 gold pieces to Zin.

Inventory:

Hand Weapons
 j - a +2 scimitar of flaming (weapon)
Missiles
 b - 35 javelins (quivered)
 f - 713 stones
 v - 47 boomerangs
 J - 6 curare-tipped darts
Armour
 c - a +1 kite shield (worn)
 r - a scarf of resistance (worn)
 z - the +0 pair of gloves of Ryngex Ruci (worn) {rPois}
   (You found it in a Gauntlet)

   It protects you from poison.
 K - the +4 chain mail of Refuge (worn) {rPois Will+}
   (You bought it in a shop in a bazaar)

   It protects you from poison.
   It affects your willpower, your defense against some magical effects.
 U - the +1 pair of boots of Shadows and Fog (worn) {*Drain rF+ rN+ Int+4}
   (You acquired it on level 1 of the Lair of Beasts)

   It affects your intelligence (+4).
   It protects you from fire.
   It protects you from negative energy.
   It causes draining when unequipped.
Jewellery
 e - a +4 ring of evasion (left hand)
 x - a +4 ring of slaying (right hand)
 y - an uncursed ring of protection from fire
 E - an uncursed ring of flight
Wands
 k - a wand of digging (14)
 o - a wand of iceblast (6)
 u - a wand of flame (89)
 L - a wand of disintegration (18)
 Q - a wand of paralysis (44)
Scrolls
 g - a scroll of fog
 i - 3 scrolls of blinking
 q - 9 scrolls of teleportation
 w - 9 scrolls of identify
 B - 11 scrolls of remove curse
 G - 12 scrolls of enchant armour
 I - 2 scrolls of immolation
 N - 4 scrolls of holy word
 O - 2 scrolls of magic mapping
 P - a scroll of amnesia
 R - a scroll of enchant weapon
 T - 3 scrolls of fear
Potions
 h - 5 potions of flight
 l - 3 potions of mutation
 m - 2 potions of cancellation
 n - 5 potions of ambrosia
 p - 5 potions of haste
 A - 10 potions of curing
 C - 7 potions of might
 F - 4 potions of magic
 H - 2 potions of berserk rage
 S - a potion of heal wounds
 V - a potion of brilliance


   Skills:
 + Level 13.4 Fighting
 + Level 1.7(10.4) Short Blades
 + Level 16.4(16.5) Long Blades
 + Level 10.2 Throwing
 + Level 16.3 Armour
 + Level 6.5 Dodging
 + Level 15.8 Shields
 * Level 13.1 Invocations
 + Level 0.3 Evocations


You had 16 spell levels left.
You didn't know any spells.
Your spell library contained the following spells:

 Spells                   Type           Power        Failure   Level
 Beastly Appendage        Tmut           0%           80%         1
 Magic Dart               Conj           0%           80%         1
 Shock                    Conj/Air       0%           80%         1
 Blink                    Tloc           N/A          90%         2
 Call Imp                 Summ           0%           90%         2
 Slow                     Hex            0%           90%         2
 Sublimation of Blood     Necr           0%           90%         2
 Swiftness                Air            0%           90%         2
 Wereblood                Tmut           0%           90%         2
 Confusing Touch          Hex            0%           99%         3
 Conjure Flame            Conj/Fire      0%           99%         3
 Gell's Gravitas          Tloc           0%           99%         3
 Ignite Poison            Fire/Tmut/Pois 0%           99%         3
 Mephitic Cloud           Conj/Pois/Air  0%           99%         3
 Spider Form              Tmut/Pois      0%           99%         3
 Static Discharge         Conj/Air       0%           99%         3
 Airstrike                Air            0%           100%        4
 Animate Dead             Necr           0%           100%        4
 Cause Fear               Hex            0%           100%        4
 Ice Form                 Ice/Tmut       0%           100%        4
 Petrify                  Tmut/Erth      0%           100%        4
 Alistair's Intoxication  Tmut/Pois      0%           100%        5
 Blade Hands              Tmut           0%           100%        5
 Borgnjor's Vile Clutch   Necr/Erth      0%           100%        5
 Irradiate                Conj/Tmut      0%           100%        5
 Lightning Bolt           Conj/Air       0%           100%        5
 Metabolic Englaciation   Hex/Ice        0%           100%        5
 Silence                  Hex/Air        0%           100%        5
 Yara's Violent Unravell  Hex/Tmut       0%           100%        5
 Death Channel            Necr           0%           100%        6
 Eringya's Noxious Bog    Tmut/Pois      0%           100%        6
 Simulacrum               Ice/Necr       0%           100%        6
 Discord                  Hex            0%           100%        8


Dungeon Overview and Level Annotations

Branches:
Dungeon (15/15)            Temple (1/1) D:5            Lair (6/6) D:9
 Shoals (0/4) Lair:2       Spider (0/4) Lair:2        Slime (0/5) Lair:6
    Orc (2/2) D:12            Elf (0/3) Orc:2        Vaults (0/5) D:14
 Depths (1/5) D:15          Sewer (visited)           IceCv (visited)
Gauntlet (visited)

Altars:
Ashenzari
Cheibriados
Dithmenos
Elyvilon
Fedhas
Hepliaklqana
Kikubaaqudgha
Makhleb
Nemelex Xobeh
Okawaru
Qazlal
Ru
Sif Muna
Trog
Uskayaw
Vehumet
Wu Jian
Xom
Yredelemnul
Zin
The Shining One

Shops:
D:5 (   Orc:2 :[*(

Annotations:
Lair:1 2 transporters


Innate Abilities, Weirdness & Mutations

You reflexively headbutt those who attack you in melee.
You have a pair of horns on your head.
Your flesh is heat resistant. (rF+)
You are resistant to electric shocks. (rElec)


Message History

You block the deep troll earth mage simulacrum's attack.
You are too injured to fight recklessly!
You are too injured to fight recklessly!
You are too injured to fight recklessly!
You are too injured to fight recklessly!
You are too injured to fight recklessly!
You are too injured to fight recklessly!
You are too injured to fight recklessly!
You are too injured to fight recklessly!
You hit the deep troll earth mage simulacrum but do no damage.
The yaktaur shoots a bolt.
You block the bolt.
You completely miss the deep troll earth mage simulacrum.
The deep troll earth mage simulacrum closely misses you. x2
The deep troll earth mage simulacrum claws you.
* * * LOW HITPOINT WARNING * * *
The deep troll earth mage simulacrum freezes you!
You resist.
* * * LOW HITPOINT WARNING * * *
The yaktaur shoots a bolt.
The bolt hits you!!
You die...

#
##########+.#
#...........#
#(..........##
#...)..Z......
#....@(Z.p..Z.
#...))......'.
#.......c...##
#...........#
########+####


You could see a yaktaur, a necromancer (invisible), a deep troll earth mage
simulacrum, a yaktaur captain zombie and a stone giant skeleton.

Vanquished Creatures
  Gastronok (D:12)
  A storm dragon (D:13)
  An orc warlord (Orc:2)
  A stone giant (Orc:1)
  Nessos (D:12)
  2 minotaurs
  An ettin (D:15)
  Josephine (D:15)
  An ogre mage (D:15)
  9 hydras
  4 vault guards (D:14)
  Erolcha (D:12)
  8 two-headed ogres
  The ghost of Xaafilut the Blocker, a journeyman DEIE of Sif Muna (Lair:4)
  Erica (Orc:1)
  3 catoblepae (Lair:6)
  2 boulder beetles
  4 centaur warriors
  3 death knights
  A deep troll earth mage (D:13)
  15 death yaks
  2 orc high priests (Orc:2)
  Nergalle (D:12)
  A fire crab (Lair:4)
  2 unseen horrors
  A deep troll (D:15)
  2 wizards
  2 phantasmal warriors (D:13)
  5 necromancers
  2 orc knights
  3 deep elf magi
  3 oklob plants
  5 orc sorcerers (Orc:2)
  8 ugly things
  3 manticores
  4 cyclopes
  2 wolf spider zombies (D:15)
  13 elephants
  3 black mambas
  A spectral centaur (D:15)
  A moth of wrath (shapeshifter) (D:15)
  5 centaur skeletons
  An ice statue (IceCv)
  9 cane toads
  2 gargoyles
  A kobold demonologist (D:14)
  9 komodo dragons
  2 freezing wraiths (D:13)
  6 yaktaurs
  6 rime drakes
  2 ice devils (D:12)
  7 trolls
  5 polar bears
  A wind drake (Lair:2)
  A wind drake (shapeshifter) (D:15)
  Grinder (D:5)
  A hornet (D:14)
  7 dream sheep (Lair:6)
  17 blink frogs
  4 centaur simulacra
  Eustachio (D:5)
  2 shadows
  7 wraiths
  5 basilisks
  3 wyverns
  3 vampire mosquitoes (D:14)
  67 yaks
  16 humans (D:14)
  A steam dragon (Lair:2)
  2 soldier ants (D:13)
  7 wargs
  4 black bears
  15 water moccasins
  Purgy (Sewer)
  8 ice beasts
  3 elephant zombies (Lair:5)
  38 orc warriors
  4 phantoms
  2 eyes of draining (D:14)
  A hornet zombie (D:15)
  10 wolves
  4 boggarts (Lair:5)
  12 ogres
  15 centaurs
  A big kobold (D:4)
  21 bullfrogs
  A gnoll sergeant (D:11)
  2 wyvern zombies (D:14)
  2 wyvern skeletons
  A hornet simulacrum (Gauntlet)
  7 scorpions
  17 killer bees
  6 wights
  4 electric eels
  A howler monkey (D:5)
  4 centaur zombies
  8 crimson imps (D:8)
  4 quasits
  A bullfrog zombie (D:13)
  2 basilisk zombies (Lair:5)
  10 orc priests
  2 bullfrog skeletons
  5 hounds
  6 jellies
  28 orc wizards
  2 iguanas
  15 worker ants
  A bullfrog simulacrum (Gauntlet)
  A hound zombie (D:5)
  A hound skeleton (D:6)
  A worker ant zombie (D:10)
  A howler monkey zombie (D:5)
  13 adders
  15 gnolls
  A river rat (D:3)
  3 shadow imps
  6 white imps
  4 ufetubi
  5 oozes
  An adder skeleton (D:6)
  8 worms
  A dart slug (D:4)
  4 leopard geckos
  105 orcs
  4 bats
  5 giant cockroaches
  6 goblins
  7 hobgoblins
  2 jackals (Sewer)
  31 kobolds
  4 quokkas
  3 ball pythons
  6 frilled lizards
  A jackal skeleton (D:6)
  14 rats
848 creatures vanquished.

Vanquished Creatures (collateral kills)
  4 ugly things
  2 ice statues (IceCv)
6 creatures vanquished.

Vanquished Creatures (others)
  An orc warrior (Orc:2)
  27 fungi
  83 plants
  14 withered plants (Gauntlet)
125 creatures vanquished.

Grand Total: 979 creatures vanquished

Notes
Turn   | Place    | Note
-------+----------+-------------------------------------------
     0 | D:1      | Cykl0x the Minotaur Fighter began the quest for the Orb.
     0 | D:1      | Reached XP level 1. HP: 19/19 MP: 0/0
   246 | D:1      | Reached XP level 2. HP: 27/27 MP: 1/1
   628 | D:1      | Reached skill level 1 in Dodging
   911 | D:2      | Reached XP level 3. HP: 33/33 MP: 2/2
  1063 | D:2      | Found a radiant altar of Vehumet.
  1409 | D:2      | Found a white marble altar of Elyvilon.
  1973 | D:3      | Found a glowing drain.
  1988 | D:3      | Reached XP level 4. HP: 37/40 MP: 3/3
  2000 | Sewer    | Entered a sewer
  2168 | Sewer    | Noticed Purgy
  2180 | Sewer    | Killed Purgy
  2181 | Sewer    | Reached skill level 1 in Throwing
  2181 | Sewer    | Reached XP level 5. HP: 32/46 MP: 4/4
  2880 | D:3      | Reached XP level 6. HP: 52/52 MP: 5/5
  3113 | D:3      | You fall into a shaft and drop 3 floors!
  3139 | D:6      | Found a hazy altar of Hepliaklqana.
  3141 | D:6      | Found a shadowy altar of Dithmenos.
  3141 | D:6      | Noticed a shadow
  3147 | D:6      | Reached skill level 5 in Armour
  3152 | D:6      | Reached skill level 5 in Long Blades
  3157 | D:6      | Noticed an orc warrior
  3169 | D:5      | Entered Level 5 of the Dungeon
  3221 | D:4      | Reached skill level 5 in Shields
  3773 | D:4      | Gained mutation: You are resistant to electric shocks.
                  | (rElec) [potion of mutation]
  3773 | D:4      | Gained mutation: Your flesh is heat resistant. (rF+)
                  | [potion of mutation]
  3794 | D:4      | Reached XP level 7. HP: 40/60 MP: 6/6
  4290 | D:4      | Found a glowing silver altar of Zin.
  4300 | D:4      | Became a worshipper of Zin the Law-Giver
  4300 | D:4      | Reached * piety under Zin
  4558 | D:4      | Reached skill level 1 in Invocations
  4603 | D:4      | Found an iron altar of Okawaru.
  5022 | D:5      | Noticed Eustachio
  5032 | D:5      | Killed Eustachio
  5033 | D:5      | Reached XP level 8. HP: 67/67 MP: 6/8
  5304 | D:5      | Reached ** piety under Zin
  5359 | D:5      | Found a staircase to the Ecumenical Temple.
  5368 | Temple   | Entered the Ecumenical Temple
  5406 | Temple   | Fell from the grace of Zin
  5406 | Temple   | Became a worshipper of the Shining One
  5430 | D:5      | Reached skill level 5 in Fighting
  5432 | D:5      | Reached * piety under the Shining One
  5541 | D:5      | Noticed Grinder
  5553 | D:5      | Killed Grinder
  5658 | D:5      | Found Hoonan's Antique Weapon Emporium.
  5678 | D:5      | You fall into a shaft and drop 1 floor!
  5863 | D:6      | Found an ancient bone altar of Kikubaaqudgha.
  5968 | D:6      | Reached XP level 9. HP: 74/74 MP: 10/10
  6007 | D:6      | You fall into a shaft and drop 3 floors!
  6447 | D:7      | Reached ** piety under the Shining One
  6510 | D:6      | Found a hide-covered altar of Uskayaw.
  6512 | D:6      | Found a broken altar of Ashenzari.
  6513 | D:6      | Found a shimmering altar of Xom.
  6514 | D:6      | Found a stormy altar of Qazlal.
  6521 | D:6      | Found an iron altar of Okawaru.
  6523 | D:6      | Found a shimmering blue altar of Sif Muna.
  7914 | D:8      | Reached *** piety under the Shining One
  7924 | D:8      | Identified a scroll of acquirement
  7924 | D:8      | Acquired a manual of Armour
  7971 | D:9      | Found a staircase to the Lair.
  7971 | D:9      | Noticed an elephant
  7987 | D:9      | Reached skill level 5 in Invocations
  8002 | D:9      | Killed an elephant
  8003 | D:9      | Reached skill level 5 in Throwing
  8003 | D:9      | Reached XP level 10. HP: 37/84 MP: 12/12
  8087 | D:9      | Reached skill level 10 in Long Blades
  8262 | D:9      | Noticed a two-headed ogre
  8268 | D:9      | Killed a two-headed ogre
  8861 | D:10     | Entered Level 10 of the Dungeon
  9813 | D:10     | Reached **** piety under the Shining One
  9828 | D:10     | Reached XP level 11. HP: 83/92 MP: 13/15
 10458 | D:11     | Noticed a boulder beetle
 10468 | D:11     | Killed a boulder beetle
 11051 | D:11     | Reached skill level 10 in Armour
 11251 | D:11     | Noticed an unseen horror
 11255 | D:11     | Killed an unseen horror
 11345 | D:12     | Noticed a purple ugly thing
 11355 | D:12     | Found a flickering gateway to a bazaar.
 11364 | Bazaar   | Entered a bazaar
 11364 | Bazaar   | Found Iwieh's Antique Weapon Shop.
 11364 | Bazaar   | Found Amukysim's General Store.
 11407 | Bazaar   | Found Syt Ats's Antique Armour Shop.
 11415 | Bazaar   | Bought a shimmering chain mail for 209 gold pieces
 11415 | Bazaar   | Bought a pair of runed boots for 165 gold pieces
 11426 | Bazaar   | Identified the +4 chain mail of Refuge {rPois Will+} (You
                  | bought it in a shop in a bazaar)
 11480 | D:12     | Killed a purple ugly thing
 11497 | D:12     | Found a frozen archway.
 11527 | IceCv    | Entered an ice cave
 11527 | IceCv    | Reached ***** piety under the Shining One
 11560 | IceCv    | Noticed a white ugly thing
 11576 | IceCv    | Killed a white ugly thing
 11599 | IceCv    | Noticed a white ugly thing
 11615 | IceCv    | Killed a white ugly thing
 11704 | D:12     | Noticed a deep elf mage
 11711 | D:12     | Killed a deep elf mage
 11757 | D:12     | Found a gate leading to a gauntlet.
 11765 | D:12     | Noticed Nessos
 11768 | Gauntlet | Entered a Gauntlet
 11768 | Gauntlet | Found a transporter.
 11768 | Gauntlet | Found a transporter.
 11768 | Gauntlet | Found a transporter.
 11768 | Gauntlet | Noticed a wizard
 11779 | Gauntlet | Found a transporter.
 11782 | Gauntlet | Found a transporter.
 11796 | Gauntlet | Found a transporter.
 11801 | Gauntlet | Found a transporter.
 11804 | Gauntlet | Found a transporter.
 11820 | Gauntlet | Noticed a death yak
 11822 | Gauntlet | Found a transporter.
 11823 | Gauntlet | Noticed a necromancer
 11823 | Gauntlet | Noticed a death yak
 11825 | Gauntlet | Noticed a death yak
 11840 | Gauntlet | Found a transporter.
 11843 | Gauntlet | Found a transporter.
 11853 | Gauntlet | Found a transporter.
 11886 | Gauntlet | Killed a wizard
 11887 | Gauntlet | Reached XP level 12. HP: 96/102 MP: 15/17
 11935 | Gauntlet | Killed a death yak
 11936 | Gauntlet | Reached skill level 10 in Shields
 11942 | Gauntlet | Killed a death yak
 11952 | Gauntlet | Killed a death yak
 12013 | Gauntlet | Got a pair of jewelled gloves
 12018 | Gauntlet | Identified the +0 pair of gloves of Ryngex Ruci {rPois}
                  | (You found it in a Gauntlet)
 12042 | Gauntlet | Noticed a minotaur
 12051 | Gauntlet | Killed a minotaur
 12078 | Gauntlet | Got a brightly glowing chain mail
 12088 | Gauntlet | Identified the cursed +1 chain mail of the Unbroken {Int+3
                  | Dex+3} (You found it in a Gauntlet)
 12127 | D:12     | Killed Nessos
 12513 | D:12     | Noticed Gastronok
 12531 | D:12     | Killed Gastronok
 12917 | D:12     | Found an ornate altar of the Wu Jian Council.
 13109 | D:12     | Noticed Erolcha
 13119 | D:12     | Killed Erolcha
 13196 | D:12     | Noticed Nergalle
 13222 | D:12     | Killed Nergalle
 13656 | D:12     | Found a staircase to the Orcish Mines.
 14109 | D:13     | Noticed a death knight
 14124 | D:13     | Killed a death knight
 14148 | D:13     | Noticed a death knight
 14166 | D:13     | Reached XP level 13. HP: 59/111 MP: 9/19
 14821 | D:13     | Noticed a storm dragon
 14834 | D:13     | Killed a storm dragon
 14835 | D:13     | Reached skill level 10 in Invocations
 16381 | D:14     | Found a gate to the Vaults.
 16388 | D:14     | Reached skill level 10 in Fighting
 16819 | D:15     | Entered Level 15 of the Dungeon
 16836 | D:15     | Reached XP level 14. HP: 77/122 MP: 21/21
 17574 | D:15     | Reached ****** piety under the Shining One
 17617 | D:15     | Reached skill level 15 in Long Blades
 18327 | D:15     | Found a staircase to the Depths.
 18407 | D:15     | Found a blossoming altar of Fedhas.
 18430 | D:15     | Noticed Josephine
 18440 | D:15     | Killed Josephine
 18890 | Lair:1   | Entered Level 1 of the Lair of Beasts
 18925 | Lair:1   | Found a transporter.
 18988 | Lair:1   | Found a transporter.
 19048 | Lair:1   | Acquired the +1 pair of boots of Shadows and Fog {*Drain
                  | rF+ rN+ Int+4}
 20014 | Lair:2   | Found a hole to the Spider Nest.
 20037 | Lair:2   | Found a staircase to the Shoals.
 21003 | Lair:3   | Reached skill level 5 in Dodging
 21203 | Lair:3   | Reached XP level 15. HP: 121/132 MP: 22/22
 21328 | Lair:3   | Reached skill level 1 in Short Blades
 22310 | Lair:4   | Noticed Xaafilut's ghost (journeyman DEIE)
 22496 | Lair:4   | Found a runed translucent gate.
 22496 | Lair:4   | Found a runed translucent gate.
 22496 | Lair:4   | Found a runed translucent gate.
 22514 | Lair:4   | Killed Xaafilut's ghost
 23472 | Lair:5   | Reached skill level 15 in Armour
 24048 | Lair:5   | Identified the +1 pair of boots of the Desert {rN+ Str+6
                  | Int+4 Dex-5} (You found it on level 5 of the Lair of
                  | Beasts)
 24319 | Lair:6   | Entered Level 6 of the Lair of Beasts
 24885 | Lair:6   | Found a staircase to the Slime Pits.
 24954 | Lair:6   | Reached skill level 10 in Throwing
 25144 | Lair:6   | Reached skill level 15 in Shields
 25830 | Lair:6   | Reached XP level 16. HP: 116/141 MP: 24/24
 25962 | Lair:6   | Reached XP level 17. HP: 147/148 MP: 25/25
 26698 | Orc:1    | Entered Level 1 of the Orcish Mines
 26699 | Orc:1    | Noticed Erica
 26724 | Orc:1    | Killed Erica
 27262 | Orc:2    | Entered Level 2 of the Orcish Mines
 27400 | Orc:2    | Found Akaatyn's Antique Weapon Shoppe.
 27531 | Orc:2    | Found Guorr's General Store.
 27710 | Orc:2    | Found Gedwuloe's Book Shop.
 27861 | Orc:2    | Found Juudeseu's Antique Armour Shop.
 28079 | Orc:2    | Found a staircase to the Elven Halls.
 28255 | Depths:1 | Entered Level 1 of the Depths
 28273 | Depths:1 | Shot with a bolt by a yaktaur

Illustrated notes

Levels and vault maps discovered:
D:1:      shiori_arrival_elements, layout_basic
D:2:      layout_loops_corners, lemuel_doored_altar,
          nicolae_overflow_hidden_temple, minmay_heptomino_l4
D:3:      layout_basic, portal_sewer_entry_a, kennysheep_generic_room_9
D:4:      kennysheep_kobold_camp, layout_basic, old_standard_altar,
          okawaru_metal_pillars_1_2
D:5:      layout_basic, minmay_temple_entry_arrows, serial_shops, shop,
          lemuel_old_faithful, uniq_eustachio, uniq_grinder
D:6:      layout_cave_pools, riverfiend_overflow_shadow_ancestor, minitemple
D:7:      layout_loops_cross, serial_glass, glass_columns_c, glass_columns_b
D:8:      layout_basic, minmay_misc_feat_doors, minmay_misc_feat_enclosed,
          minmay_nine_imps
D:9:      layout_roguey, david_lair_generic
D:10:     layout_irregular_city, st_stairs_3
D:11:     layout_gridville
D:12:     layout_long_grid, david_orc_4, portal_ice_cave_demonic_guard,
          serial_shops, bzr_in_the_mist, gauntlet_entry_generic,
          lemuel_centaur_altar, uniq_nessos, uniq_gastronok, uniq_nergalle,
          uniq_erolcha
D:13:     minmay_mutant_horseshoe, layout_loops_cross
D:14:     layout_grid_maze, grunt_vaults_entry_tiered, minmay_holes
D:15:     hangedman_depths_entry_civil_slaughter, layout_long_grid,
          fedhas_altar_4, hangedman_weighted_door, uniq_josephine
Temple:   compressed_dpeg_circular_temple
Lair:1:   gammafunk_cloud_chamber, layout_gridlike, infiniplex_staircase_pool
Lair:2:   layout_regular_city, minmay_shoals_entry_beasts,
          nicolae_spider_entry_non_spiders, minmay_lair_oklob_chamber,
          serial_bayou_shore_b, lemuel_fruit_tree, serial_bayou_shore_a,
          lemuel_fruit_fields, grunt_megastairs_1
Lair:3:   layout_regular_city, serial_bayou_pond_a
Lair:4:   layout_gridlike, maelrawn_ghost_gauntlet_escape
Lair:5:   pond_and_an_island_with_a_cottage, layout_loops_ring,
          kilobyte_rumbling_trees
Lair:6:   evilmike_catoblepas_cave, layout_regular_city,
          nicolae_slime_entry_slimehenge, infiniplex_staircase_pool_2,
          lemuel_fruit_fields, serial_bayou_shore_b
Orc:1:    layout_caves, uniq_erica
Orc:2:    grunt_orc_gardens, layout_caves, grunt_orc_garden, grunt_orc_garden,
          grunt_orc_garden, grunt_orc_garden
Depths:1: layout_gridlike, evilmike_ruin_ashenzari, serial_shops,
          kennysheep_mini, hellmouth_3, serial_bayou_lake_a

Skill      XL: |  1  2  3  4  5  6  7  8  9 10 11 12 13 14 15 16 17 |
---------------+----------------------------------------------------+-----
Long Blades    | 3 4 5 6 8 9 11 12 14 15 16 | 16.4
Dodging        | 1 2 3 4 5 6 |  6.5
Fighting       | 4 5 6 7 8 9 10 11 12 13 | 13.4
Armour         | 4 5 6 7 9 10 12 13 14 15 16 | 16.3
Shields        | 4 5 6 7 8 9 11 12 14 15 | 15.8
Throwing       | 1 2 3 5 6 7 8 9 10 | 10.2
Invocations    | 1 3 5 6 8 9 10 11 12 13 | 13.1
Short Blades   | 1 |  1.7
Evocations     | |  0.3

Action                   |  1- 3 |  4- 6 |  7- 9 | 10-12 | 13-15 | 16-18 || total
-------------------------+-------+-------+-------+-------+-------+-------++-------
Melee: Long sword        |    98 |   100 |   260 |   492 |   962 |    49 ||  1961
       Headbutt          |    11 |    14 |    64 |   142 |   270 |    65 ||   566
       Short sword       |       |       |       |       |    18 |       ||    18
       Scimitar          |       |       |       |       |       |   205 ||   205
Throw: Stone             |    29 |    11 |       |       |       |       ||    40
       Javelin           |       |     9 |       |       |   117 |    27 ||   153
       Boomerang         |       |     1 |    69 |    99 |    58 |       ||   227
       Dart              |       |       |     8 |     6 |     3 |       ||    17
Invok: Divine Shield     |       |       |       |     2 |     3 |       ||     5
       Summon Divine War |       |       |       |     2 |       |       ||     2
       Cleansing Flame   |       |       |       |     5 |     4 |     1 ||    10
Evoke: Wand              |       |       |       |       |     4 |     1 ||     5
  Use: Scroll            |     2 |     2 |     9 |     9 |     9 |     3 ||    34
       Potion            |       |     9 |       |     4 |     5 |     1 ||    19
Armor: Chain mail        |    38 |    47 |    19 |    67 |   261 |    33 ||   465
       Scale mail        |     1 |       |       |       |       |       ||     1
       Plate armour      |       |       |    52 |    77 |       |       ||   129
Dodge: Dodged            |    21 |    29 |    50 |   148 |   333 |    62 ||   643
Block: Kite shield       |    56 |    57 |   140 |   311 |   650 |   151 ||  1365
       Rpst.: Long sword |     5 |     9 |    12 |    32 |    70 |     2 ||   130
       Scimitar          |       |       |       |       |       |    13 ||    13
